 Dungeon Crawl Stone Soup version 0.20.1-1-g8b1a95d (webtiles) character file.

133 Liatris the Chopper (level 4, -10/35 HPs)
             Began as a Demonspawn Gladiator on Aug 16, 2017.
             Was an Initiate of Okawaru.
             Killed by nerve-wracking pain
             ... invoked by an orc priest
              (14 damage)
             ... on level 3 of the Dungeon.
             The game lasted 00:08:57 (2033 turns).

Liatris the Chopper (Demonspawn Gladiator)          Turns: 2033, Time: 00:08:58

Health: -10/35     AC:  7    Str: 14    XL:     4   Next: 93%
Magic:  4/4        EV: 13    Int: 10    God:    Okawaru [......]
Gold:   70         SH:  0    Dex: 15    Spells: 3/3 levels left

rFire    + . .     SeeInvis .   a - +1 war axe
rCold    x . .     Gourm    .   (no shield)
rNeg     . . .     Faith    .   b - +0 leather armour
rPois    .         Spirit   .   c - +0 helmet
rElec    .         Reflect  .   i - +1 cloak
rCorr    .         Harm     .   (no gloves)
MR       .....     Rnd*Tele +   (no boots)
Stlth    ++........             (no amulet)
Regen    0.2/turn               j - ring of fire
MPRegen  0.1/turn               n - ring of teleportation

@: berserk cooldown, very slightly contaminated, slowed, very slow
A: rugged brown scales 1
a: Renounce Religion


You were on level 3 of the Dungeon.
You worshipped Okawaru.
Okawaru was noncommittal.
You were not hungry.

You visited 1 branch of the dungeon, and saw 3 of its levels.

You collected 70 gold pieces.

Inventory:

Hand Weapons
 a - a +1 war axe (weapon)
Missiles
 d - 3 throwing nets (quivered)
Armour
 b - a +0 leather armour (worn)
 c - a +0 helmet (worn)
 i - a +1 cloak (worn)
Jewellery
 j - a ring of fire (left hand)
 n - a ring of teleportation (right hand)
Wands
 e - a wand of confusion (36/48)
Scrolls
 m - 2 scrolls of identify
 o - 3 scrolls of remove curse
 p - 2 scrolls of blinking
Potions
 f - a potion of curing
 k - a potion of flight
Comestibles
 h - a fruit
 q - a bread ration


   Skills:
 + Level 2.8 Fighting
 + Level 3.9 Axes
 + Level 1.7 Throwing
 * Level 0.8 Armour
 + Level 3.1 Dodging
 * Level 1.7 Stealth


You had 3 spell levels left.
You didn't know any spells.

Dungeon Overview and Level Annotations

Branches:
Dungeon (3/15)

Altars:
Okawaru


Innate Abilities, Weirdness & Mutations

You are partially covered in rugged brown scales. (AC +1, +3% HP)


Message History

The orc wizard gestures wildly while chanting.
The orc wizard blinks!
The orc hits you with a trident.
* * * LOW HITPOINT WARNING * * *
The orc priest calls upon Beogh to heal the orc.
The orc's wounds heal themselves!
You slash the orc priest!
The orc priest is severely wounded.
You hit the orc. The orc priest misses you. The orc closely misses you.
The orc priest hits you with a short sword.
* * * LOW HITPOINT WARNING * * *
The orc barely misses you.
You barely miss the orc priest.
The orc priest is severely wounded.
You hit the orc.
You hit the orc wizard but do no damage.
The orc priest barely misses you. The orc wizard completely misses you.
The orc barely misses you.
The orc priest calls down the wrath of Beogh upon you.
Pain shoots through your body!
You die...

#.......o# ..##
#........# .#
#........# #
#........#
#........# #
#######.## ## #.#
##. #.############ #
#.. #..oo@o......#
#. #..
#####o....##?#
#.##.. ##.......#.
#.....
#.........#.####....
#.........#.<.....#.
#.........#.....#...
#...........###.#...
#..........## #.....
#...................


You could see 2 orc priests, an orc wizard and an orc.

Vanquished Creatures
  Terence (D:3)
  6 adders
  An ooze (D:3)
  A worm (D:2)
  A leopard gecko (D:2)
  A ball python (D:3)
  3 giant cockroaches
  4 hobgoblins
  2 jackals (D:3)
  2 kobolds
  7 bats
  3 frilled lizards
  8 goblins
  7 rats
47 creatures vanquished.

Notes
Turn   | Place    | Note
-------+----------+-------------------------------------------
     0 | D:1      | Liatris the Demonspawn Gladiator began the quest for the Orb.
     0 | D:1      | Reached XP level 1. HP: 16/16 MP: 1/1
     6 | D:1      | Noticed a vampire
     7 | D:1      | Noticed a centaur
    10 | D:1      | Noticed an elf
    12 | D:1      | Noticed a troll
    12 | D:1      | Noticed a merfolk zombie
    16 | D:1      | Noticed an octopode
    16 | D:1      | Noticed a merfolk zombie
    18 | D:1      | Noticed a human
    22 | D:1      | Noticed a minotaur skeleton
   200 | D:1      | You fall through a shaft!
   377 | D:2      | Found an iron altar of Okawaru.
   383 | D:2      | Gained mutation: You are partially covered in rugged brown scales. (AC +1, +3% HP) [demonic ancestry]
   383 | D:2      | Reached XP level 2. HP: 16/22 MP: 2/2
   392 | D:2      | Became a worshipper of Warmaster Okawaru
   995 | D:2      | Reached XP level 3. HP: 18/27 MP: 3/3
  1620 | D:3      | Reached skill level 1 in Stealth
  1720 | D:3      | Reached XP level 4. HP: 28/35 MP: 4/4
  1833 | D:3      | Noticed Terence
  1843 | D:3      | Killed Terence
  2029 | D:3      | HP: 1/35 [orc/trident (6)]
  2033 | D:3      | Killed from afar by an orc priest

Skill      XL: |  1  2  3 |
---------------+----------+-----
Axes           | 3 |  3.9
Dodging        | 3 |  3.1
Stealth        | 1 |  1.7
Fighting       | |  2.8
Throwing       | |  1.7
Armour         | |  0.8

Action                   |  1- 3 |  4- 6 || total
-------------------------+-------+-------++-------
Melee: War axe           |   117 |    36 ||   153
  Use: Potion            |     4 |     2 ||     6
       Scroll            |     3 |     4 ||     7
 Stab: Sleeping          |     1 |     1 ||     2
  Eat: Bread ration      |     1 |       ||     1
Armor: Leather armour    |    37 |    11 ||    48
Dodge: Dodged            |    90 |    34 ||   124
